 Dungeon Crawl Stone Soup version 0.18-a0-1160-geb89fc2 (webtiles) character file.

118599 namelastname112 the Ripper (level 15, 0/91 HPs)
             Began as a Felid Transmuter on Jan 25, 2016.
             Was the Champion of Sif Muna.
             Shot with a sling bullet by a satyr (17 damage)
             ... on level 4 of the Shoals.
             The game lasted 02:09:15 (47940 turns).

namelastname112 the Ripper (Felid Transmuter)      Turns: 47940, Time: 02:09:15

Health: 0/91       AC: 21    Str:  8    XL:     15   Next: 95%
Magic:  31/32      EV: 36    Int: 20    God:    Sif Muna [******]
Gold:   3342       SH:  0    Dex: 23    Spells: 9 memorised, 3 levels left
                                        Lives:  0   Deaths: 2

rFire  . . .     SeeInvis +       - Unarmed
rCold  . . .     Gourm    .     (armour unavailable)
rNeg   + . .     Faith    .     (shield unavailable)
rPois  ∞         Spirit   .     (helmet unavailable)
rElec  +         Dismiss  .     (cloak unavailable)
rCorr  .         Reflect  .     (gloves unavailable)
SustAt .         Harm     .     (boots unavailable)
MR     +++..                    V - amulet of rage
Stlth  +++++.....               x - ring of protection from magic
                                X - +5 ring of dexterity

@: statue-form, regenerating, very slow, extremely resistant to hostile
enchantments, quite stealthy
A: no armour, no weapons or thrown items, claws 1, fangs 3, repulsion field 1,
thin skeletal structure 1, see invisible, carnivore 3, (speed 0), (shaggy fur
0), slow metabolism 1, sharp paws
a: End Transformation, Channel Energy, Forget Spell, Renounce Religion, Evoke
Berserk Rage
}: 1/15 runes: barnacled


You were on level 4 of the Shoals.
You worshipped Sif Muna.
Sif Muna was exalted by your worship.
You were very full.
You were a stone statue.
You visited 5 branches of the dungeon, and saw 30 of its levels.
You also visited: Sewer and Ice Cave.

You collected 3577 gold pieces.
You spent 235 gold pieces at shops.

Inventory:

Missiles
 o - 389 arrows
Jewellery
 d - an uncursed ring of positive energy
 e - an uncursed ring of protection from fire
 p - the amulet of Cekugob {Dismiss -Tele rElec rPois rN++ AC+1 EV+1}
   (You found it on level 9 of the Dungeon)

   [amulet of dismissal]

   It may teleport away creatures that harm you.
   It affects your AC (+1).
   It affects your evasion (+1).
   It insulates you from electricity.
   It protects you from poison.
   It greatly protects you from negative energy.
   It prevents most forms of teleportation.
 x - a ring of protection from magic (right paw)
 N - an uncursed ring of ice
 P - an uncursed ring of resist corrosion
 V - an amulet of rage (around neck)
 X - a +5 ring of dexterity (left paw)
Wands
 a - a wand of cold (3/15)
 j - a wand of cold (10/15)
 y - a wand of fireball (4/15)
 E - a wand of disintegration (22/24)
 G - a wand of draining (2/15)
 H - a wand of fire (3/15)
 J - a wand of fire (7/15)
 T - a wand of digging (13/24)
 W - a wand of draining (12/15)
Scrolls
 q - 11 scrolls of remove curse
 r - 4 scrolls of teleportation
 w - 2 scrolls of fog
 B - 2 scrolls of magic mapping
 D - a scroll of holy word
 K - 2 scrolls of summoning
 L - 14 scrolls of identify
 Q - 2 scrolls of recharging
 S - 2 scrolls of amnesia
Potions
 f - 5 potions of agility
 g - 8 potions of flight
 h - 4 potions of brilliance
 i - 2 potions of magic
 m - 6 potions of curing
 n - 2 potions of might
 z - 2 potions of ambrosia
 A - 3 potions of cancellation
 F - 2 potions of haste
 O - a potion of resistance
Books
 k - Bexzoscheopn's Guide on Good Luck
   (Sif Muna gifted it to you on level 3 of the Shoals)

   Spells                             Type                      Level
   a - Infusion                       Charms                       1
   b - Shroud of Golubria             Charms/Translocation         2
   c - Swiftness                      Charms/Air                   2
   d - Ring of Flames                 Charms/Fire                  7
   e - Death's Door                   Charms/Necromancy            8
 I - Sif Muna's Tome of Shape Shifting
   (Sif Muna gifted it to you on level 15 of the Dungeon)

   Spells                             Type                      Level
   a - Yara's Violent Unravelling     Hexes/Transmutation          5
   b - Hydra Form                     Transmutation                6
   c - Statue Form                    Transmutation/Earth          6
Miscellaneous
 b - a lamp of fire
 Y - a sack of spiders
 Z - a fan of gales (inert)
Comestibles
 c - 6 meat rations
 u - 9 beef jerkies
 v - 9 slices of pizza


   Skills:
 + Level 10.8 Fighting
 + Level 14.4 Dodging
 - Level 9.4 Stealth
 * Level 15.3 Unarmed Combat
 + Level 12.9 Spellcasting
 * Level 11.4 Charms
 - Level 14.1 Transmutations
 + Level 8.9 Invocations
 + Level 7.5 Evocations


You had 3 spell levels left.
You knew the following spells:

 Your Spells              Type           Power        Failure   Level  Hunger
a - Blade Hands           Trmt           ######....   1%          5    ####...
b - Ice Form              Ice/Trmt       #####...     3%          4    None
c - Spider Form           Trmt/Pois      #####.....   1%          3    None
d - Regeneration          Chrm/Necr      #####.....   1%          3    None
e - Dragon Form           Trmt           ######....   17%         7    #######
f - Apportation           Tloc           ##........   6%          1    None
g - Statue Form           Trmt/Erth      #####....    50%         6    #####..
h - Yara's Violent Unrav  Hex/Trmt       #####.....   10%         5    ####...
x - Sticks to Snakes      Trmt           ######..     1%          2    None


Dungeon Overview and Level Annotations

Branches:
Dungeon (15/15)            Temple (1/1) D:4            Lair (8/8) D:9
 Shoals (4/4) Lair:4        Snake (0/4) Lair:5        Slime (0/6) Lair:8
    Orc (2/2) D:9             Elf (0/3) Orc:2        Vaults (0/5) D:13
 Depths (0/5) D:15

Altars:
Ashenzari
Cheibriados
Dithmenos
Gozag
Kikubaaqudgha
Makhleb
Nemelex Xobeh
Okawaru
Pakellas
Qazlal
Sif Muna
Vehumet
Xom
Yredelemnul
The Shining One
Jiyva

Shops:
D:14 :   Orc:2 (*:[   Shoals:1 *   Shoals:2 %   Shoals:4 *


Innate Abilities, Weirdness & Mutations

You cannot wear armour.
You are incapable of wielding weapons or throwing items.
You have sharp claws.
You have razor-sharp teeth.
You have supernaturally acute eyesight.
You are carnivorous and can eat meat at any time.
((You cover ground quickly.))
((Your thick and shaggy fur keeps you warm (AC +3, rC+).))
You have a slow metabolism.
Your sharp claws are effective at attacking unaware monsters.
You are surrounded by a mild repulsion field (EV +2).
You have a somewhat thin skeletal structure (Dex +2, Stealth).


Message History

The satyr shoots a sling bullet.
The sling bullet hits you!! The sling bullet burns you!
The merfolk impaler misses you.
You closely miss the satyr.
The merfolk impaler completely misses you.
The satyr shoots a sling bullet.
The sling bullet completely misses you.
You closely miss the satyr. You claw the satyr.
The satyr is lightly wounded.
The merfolk impaler completely misses you.
The satyr shoots a sling bullet.
The sling bullet hits you!
* * * LOW HITPOINT WARNING * * *
The sling bullet burns you.
* * * LOW HITPOINT WARNING * * *
The merfolk impaler misses you.
Read which item? (? for menu, Esc to quit)
Okay, then.
You claw the satyr!
The satyr is lightly wounded.
The merfolk impaler completely misses you.
The satyr shoots a sling bullet.
The sling bullet hits you!
You die...

≈≈≈≈≈≈≈≈≈≈≈≈≈≈≈≈≈≈≈≈≈≈≈≈≈≈
≈≈≈≈≈≈≈≈≈≈≈≈≈≈≈≈≈≈≈≈....≈≈
≈≈≈≈≈≈≈≈≈≈≈≈≈≈≈≈≈≈≈.......≈
≈≈≈≈≈≈≈≈≈≈≈≈≈≈.............
≈≈≈≈≈≈≈≈≈≈≈≈≈≈..# #.........
≈≈≈≈≈≈≈≈≈≈≈≈≈≈.# #.........
≈≈≈≈≈≈≈≈≈≈≈m≈≈.####........≈
≈≈≈≈≈≈≈≈≈≈≈c≈≈≈.).........≈≈
≈≈≈≈≈≈≈≈≈.)8≈≈≈...#......≈≈≈
≈≈≈≈≈≈≈≈(.##....###......)≈≈
≈≈≈≈≈≈≈((####..## ####..≈≈≈≈
≈≈≈≈≈≈≈.## #..# ###..≈..)≈
≈≈≈≈≈≈≈.# #..####.........
≈≈≈≈≈≈≈..# #...##.....)....
≈≈≈≈≈≈≈≈.# #.≈(..≈≈≈≈#####.
≈≈≈≈≈≈≈≈≈≈≈≈≈≈. #.≈≈≈≈≈.≈##...##
≈≈≈≈≈≈≈≈≈c≈≈≈≈≈≈..≈≈≈≈≈..≈#≈..([#


You could see a merfolk impaler and a satyr.

Vanquished Creatures
  Rupert (Lair:8)
  Polyphemus (Shoals:3)
  The ghost of Voda the Peltast, an adept OpCK of Xom (D:15)
  Ilsuiw (Shoals:4)
  A stone giant (Shoals:3)
  2 salamander stormcallers
  The ghost of crawlian the Grappler, a journeyman TrMo of Cheibriados (Lair:7)
  An ettin (D:15)
  2 merfolk javelineers (Shoals:4)
  Josephine (Lair:7)
  4 merfolk impalers
  2 ice dragons (IceCv)
  A death knight (D:12)
  6 merfolk avatars
  9 merfolk aquamancers
  10 hydras
  6 ogre magi
  6 catoblepae
  5 centaur warriors
  2 dancing weapons (D:13)
  3 satyrs
  A queen ant (Lair:5)
  An orc high priest (Orc:1)
  4 tengu warriors
  20 death yaks
  A salamander mystic (D:14)
  11 sea snakes
  An unseen horror (D:15)
  A wizard (D:15)
  A flayed ghost (D:9)
  16 harpies
  9 hill giants
  A wolf spider zombie (D:15)
  19 ugly things
  8 fauns
  2 orc sorcerers
  9 griffons
  3 salamanders (D:14)
  3 water nymphs
  A deep elf mage (D:14)
  15 manticores
  3 cyclopes
  6 elephants
  3 centaur zombies
  Maurice (D:13)
  9 black mambas
  8 sirens
  2 rust devils (D:13)
  2 ice statues (IceCv)
  16 spiny frogs
  An efreet (D:15)
  A fire drake (Lair:8)
  10 komodo dragons
  2 freezing wraiths
  2 red devils (D:13)
  3 tengu conjurers
  38 merfolk
  20 two-headed ogres
  5 wind drakes
  2 slime creatures (D:13)
  24 blink frogs
  5 trolls
  6 snapping turtles
  A vampire (D:10)
  A centaur simulacrum (D:15)
  9 wraiths
  A shadow (D:12)
  A wyvern (D:10)
  4 basilisks
  55 yaks
  13 water elementals
  11 hippogriffs
  A hungry ghost (D:6)
  3 vampire mosquitoes (D:14)
  5 wolves (Lair:7)
  Edmund (D:5)
  A warg (Orc:1)
  2 mottled dragons (D:12)
  6 nagas (Lair:5)
  7 soldier ants (Lair:5)
  15 water moccasins
  10 porcupines
  17 orc warriors
  5 sky beasts
  39 ogres
  2 phantoms (D:10)
  2 black bears
  2 eyes of draining
  22 ice beasts
  The ghost of tasslehoff34 the Skirmisher, an amateur DsCK of Xom (D:3)
  2 wasps
  2 necrophages (D:10)
  26 centaurs
  19 crocodiles
  16 giant frogs
  3 big kobolds (Sewer)
  A wyvern skeleton (D:10)
  6 scorpions
  13 killer bees
  14 wights
  An electric eel (Lair:2)
  7 crimson imps
  A quasit (D:11)
  7 hounds
  5 centaur skeletons
  13 orc priests
  4 jellies
  15 orc wizards
  2 giant frog skeletons
  5 iron imps (D:13)
  Jessica (D:3)
  13 iguanas
  25 worker ants
  A hell rat (Lair:7)
  33 sheep
  A hound zombie (D:10)
  3 hound skeletons
  A worker ant zombie (D:10)
  Robin (D:3)
  2 gnolls (D:4)
  71 river rats
  20 adders
  2 shadow imps
  11 white imps (Lair:8)
  An adder zombie (D:8)
  2 worms
  4 giant geckos
  70 orcs
  26 bats
  6 giant cockroaches
  16 goblins
  8 hobgoblins
  17 jackals
  6 quokkas
  5 ball pythons
  8 giant newts
  A jackal skeleton (D:5)
  21 kobolds
  A quokka zombie (D:6)
  22 rats
  4 bushes
  A fungus (Lair:1)
1165 creatures vanquished.

Vanquished Creatures (collateral kills)
  A merfolk javelineer (Shoals:4)
  A hydra (Lair:2)
  A death yak (Lair:7)
  A sea snake (Shoals:3)
  3 cyclopes
  An oklob plant (Lair:4)
  3 manticores
  3 fauns
  A siren (Shoals:3)
  A merfolk (Shoals:3)
  A troll (D:9)
  A snapping turtle (Shoals:3)
  A wraith (D:9)
  5 yaks (Lair:3)
  A steam dragon (D:9)
  3 porcupines
  An orc warrior (D:8)
  2 centaurs
  A crocodile (Lair:1)
  A giant frog (Lair:2)
  A wyvern zombie (D:10)
  5 killer bees (D:9)
  Crazy Yiuf (D:2)
  A sheep (Lair:5)
  A river rat (Lair:1)
  A giant gecko (D:9)
  2 orcs
  2 bats (D:9)
  A goblin (D:4)
  6 kobolds
  A rat (D:2)
  5 plants
60 creatures vanquished.

Vanquished Creatures (others)
  A merfolk (Shoals:4)
  A yak (D:10)
  A wight (D:15)
  A white imp (Lair:8)
  23 bushes (D:15)
  20 fungi
  17 plants
64 creatures vanquished.

Grand Total: 1289 creatures vanquished

Notes
Turn   | Place    | Note
--------------------------------------------------------------
     0 | D:1      | namelastname112 the Felid Transmuter began the quest for the Orb.
     0 | D:1      | Reached XP level 1. HP: 9/9 MP: 4/4
   204 | D:1      | Reached XP level 2. HP: 8/12 MP: 6/6
   220 | D:1      | Learned a level 2 spell: Sticks to Snakes
  1096 | D:1      | Reached XP level 3. HP: 7/15 MP: 6/8
  1276 | D:1      | Learned a level 3 spell: Spider Form
  1820 | D:2      | Reached skill level 1 in Stealth
  1847 | D:2      | Reached XP level 4. HP: 17/19 MP: 9/9
  2084 | D:2      | Found a basalt altar of Yredelemnul.
  2471 | D:2      | Noticed Crazy Yiuf
  2789 | D:2      | Killed Crazy Yiuf
  3202 | D:3      | Reached skill level 4 in Unarmed Combat
  3223 | D:3      | Noticed tasslehoff34's ghost (amateur DsCK)
  3296 | D:3      | Reached XP level 5. HP: 10/22 MP: 3/10
  3334 | D:3      | Noticed Jessica
  3340 | D:3      | Killed Jessica
  3433 | D:3      | Killed tasslehoff34's ghost
  3433 | D:3      | Gained mutation: You are covered in thick fur (AC +2). [Felid growth]
  3433 | D:3      | Reached XP level 6. HP: 22/26 MP: 11/11
  3620 | D:3      | Found a glowing drain.
  3630 | Sewer    | Entered a sewer
  3698 | Sewer    | Reached skill level 5 in Unarmed Combat
  3993 | Sewer    | Reached XP level 7. HP: 22/30 MP: 2/12
  4272 | D:3      | Found a shimmering altar of Xom.
  4320 | D:3      | Noticed Robin
  4329 | D:3      | Killed Robin
  4680 | D:4      | Found a staircase to the Ecumenical Temple.
  4723 | Temple   | Entered the Ecumenical Temple
  4730 | Temple   | Became a worshipper of Sif Muna the Loreminder
  5290 | Temple   | Reached skill level 5 in Stealth
  5995 | D:4      | Found a snail-covered altar of Cheibriados.
  6294 | D:5      | Entered Level 5 of the Dungeon
  6646 | D:5      | Reached skill level 5 in Dodging
  6646 | D:5      | Reached skill level 6 in Unarmed Combat
  6691 | D:5      | Found an oddly glowing altar of Pakellas.
  6859 | D:5      | Noticed Edmund
  6868 | D:5      | HP: 1/31 [Edmund/wand of flame (9)]
  7400 | D:5      | Killed Edmund
  7400 | D:5      | Reached XP level 8. HP: 19/34 MP: 5/14
  8321 | D:6      | Reached * piety under Sif Muna
  8552 | D:6      | Reached skill level 5 in Transmutations
  8706 | D:7      | Found an opulent altar of Gozag.
  8768 | D:7      | Reached skill level 7 in Unarmed Combat
  9142 | D:7      | Found a shadowy altar of Dithmenos.
  9143 | D:7      | Reached XP level 9. HP: 39/39 MP: 16/16
  9191 | D:7      | Found a glowing golden altar of the Shining One.
 10475 | D:8      | Reached skill level 5 in Spellcasting
 11183 | D:9      | Reached ** piety under Sif Muna
 11211 | D:9      | Noticed a troll
 11259 | D:9      | Killed a troll
 11497 | D:9      | Found a staircase to the Orcish Mines.
 11503 | D:9      | Found a staircase to the Lair.
 11674 | D:9      | Reached skill level 8 in Unarmed Combat
 11700 | D:9      | Found a snail-covered altar of Cheibriados.
 11716 | D:9      | Found a burning altar of Makhleb.
 11779 | D:9      | Found a runed door.
 11787 | D:9      | Found a glowing golden altar of the Shining One.
 11862 | D:8      | Gained mutation: You are agile. (Dex +2) [potion of mutation]
 11862 | D:8      | Gained mutation: Your magical capacity is low (-10% MP). [potion of mutation]
 11862 | D:8      | Gained mutation: You are surrounded by a mild repulsion field (EV +2). [potion of mutation]
 11863 | D:8      | Gained mutation: Your system is resistant to poisons. [potion of mutation]
 11863 | D:8      | Gained mutation: Your spells are a little harder to cast, but a little more powerful. [potion of mutation]
 11863 | D:8      | Gained mutation: You possess an exceptional clarity of mind. [potion of mutation]
 11864 | D:8      | Gained mutation: You are frail (-10% HP). [potion of mutation]
 11864 | D:8      | Lost mutation: Your magical capacity is low (-10% MP). [potion of mutation]
 11953 | D:9      | Reached XP level 10. HP: 38/38 MP: 19/19
 11986 | D:9      | Found a radiant altar of Vehumet.
 12006 | D:9      | Reached skill level 5 in Fighting
 12014 | D:9      | Found a glowing golden altar of the Shining One.
 12201 | D:9      | Found a stormy altar of Qazlal.
 12250 | D:9      | Noticed a flayed ghost
 12253 | D:9      | Killed a flayed ghost
 12825 | D:9      | Lost mutation: You are agile. (Dex +2) [potion of cure mutation]
 12825 | D:9      | Lost mutation: You are frail (-10% HP). [potion of cure mutation]
 12825 | D:9      | Lost mutation: Your spells are a little harder to cast, but a little more powerful. [potion of cure mutation]
 12825 | D:9      | Lost mutation: You possess an exceptional clarity of mind. [potion of cure mutation]
 12825 | D:9      | Lost mutation: Your system is resistant to poisons. [potion of cure mutation]
 12867 | D:10     | Entered Level 10 of the Dungeon
 12921 | D:10     | Learned a level 5 spell: Blade Hands
 13007 | D:10     | Learned a level 4 spell: Ice Form
 13800 | D:10     | Reached skill level 9 in Unarmed Combat
 13892 | D:10     | Noticed a hill giant
 14332 | D:10     | Reached *** piety under Sif Muna
 14386 | D:10     | Killed a hill giant
 15243 | D:10     | Reached XP level 11. HP: 27/48 MP: 22/22
 15673 | D:11     | Noticed a cyan ugly thing
 15945 | D:11     | Noticed a red ugly thing
 16111 | D:10     | Noticed a brown ugly thing
 16412 | Lair:1   | Entered Level 1 of the Lair of Beasts
 16424 | Lair:1   | Noticed a four-headed hydra
 16714 | Lair:1   | Killed a four-headed hydra
 17717 | Lair:1   | Noticed a five-headed hydra
 17739 | Lair:1   | Killed a five-headed hydra
 17739 | Lair:1   | Reached skill level 10 in Unarmed Combat
 18012 | Lair:1   | Noticed a four-headed hydra
 18095 | Lair:1   | Killed a four-headed hydra
 18234 | Lair:1   | Gained mutation: You have a somewhat thin skeletal structure (Dex +2, Stealth). [potion of beneficial mutation]
 18343 | Lair:1   | Reached **** piety under Sif Muna
 19111 | Lair:2   | Reached skill level 10 in Transmutations
 19151 | Lair:2   | Gained mutation: Your thick and shaggy fur keeps you warm (AC +3, rC+). [Felid growth]
 19151 | Lair:2   | Reached XP level 12. HP: 53/53 MP: 25/25
 19684 | Lair:2   | Reached ***** piety under Sif Muna
 19710 | Lair:2   | Noticed a four-headed hydra
 19789 | Lair:2   | Killed a four-headed hydra
 20063 | Lair:2   | Noticed a four-headed hydra
 20063 | Lair:2   | Noticed a six-headed hydra
 20065 | Lair:2   | Killed a four-headed hydra
 20067 | Lair:2   | HP: 1/53 [six-headed hydra (3)]
 20077 | Lair:2   | Killed a six-headed hydra
 20426 | Lair:2   | Learned a level 1 spell: Apportation
 20823 | Lair:2   | Reached skill level 11 in Transmutations
 22256 | Lair:3   | Reached skill level 10 in Spellcasting
 22288 | Lair:3   | Noticed a four-headed hydra
 22322 | Lair:3   | Reached ****** piety under Sif Muna
 22344 | Lair:3   | Received a gift from Sif Muna
 22349 | Lair:3   | Identified Sif Muna's Reference Book on Transformation (Sif Muna gifted it to you on level 3 of the Lair of Beasts)
 22373 | Lair:3   | Learned a level 7 spell: Dragon Form
 22989 | Lair:3   | Reached skill level 12 in Transmutations
 24223 | Lair:4   | Reached skill level 1 in Invocations
 24313 | Lair:4   | Found a staircase to the Shoals.
 24433 | Lair:4   | Killed an eight-headed hydra
 24843 | Lair:4   | Reached XP level 13. HP: 37/57 MP: 16/28
 25958 | Lair:5   | Found a staircase to the Snake Pit.
 25973 | Lair:5   | Reached skill level 10 in Dodging
 28449 | Lair:7   | Noticed Josephine
 28461 | Lair:7   | Killed Josephine
 28883 | Lair:7   | Noticed crawlian's ghost (journeyman TrMo)
 29046 | Lair:7   | Reached XP level 14. HP: 27/63 MP: 18/30
 29368 | Lair:7   | Killed crawlian's ghost
 29805 | Lair:8   | Entered Level 8 of the Lair of Beasts
 29843 | Lair:8   | Found a frozen archway.
 29905 | IceCv    | Entered an ice cave
 30388 | IceCv    | Reached skill level 13 in Transmutations
 30622 | IceCv    | Reached skill level 5 in Invocations
 31161 | Lair:8   | Noticed Rupert
 31400 | Lair:8   | Killed Rupert
 31785 | Lair:8   | Received a gift from Sif Muna
 32848 | Lair:8   | Found a viscous altar of Jiyva.
 32853 | Lair:8   | Learned a level 3 spell: Regeneration
 32853 | Lair:8   | Found a staircase to the Slime Pits.
 33655 | Orc:1    | Entered Level 1 of the Orcish Mines
 33695 | Orc:1    | Reached skill level 1 in Charms
 33876 | Orc:2    | Entered Level 2 of the Orcish Mines
 33910 | Orc:2    | Found a staircase to the Elven Halls.
 33945 | Orc:2    | Found Kiychijo's Weapon Emporium.
 33946 | Orc:2    | Found Mibroun's General Store.
 33946 | Orc:2    | Found Ixutom's Armour Shoppe.
 33946 | Orc:2    | Found Ganousm's Book Shop.
 33968 | Orc:2    | Reached skill level 1 in Evocations
 34003 | Orc:2    | Reached XP level 15. HP: 67/67 MP: 31/31
 36616 | D:12     | Reached skill level 5 in Charms
 37086 | D:13     | Found a burning altar of Makhleb.
 37334 | D:13     | Found a gate to the Vaults.
 37431 | D:13     | Noticed Maurice
 37435 | D:13     | Killed Maurice
 38407 | D:14     | Found Werredd's Book Emporium.
 39014 | D:15     | Entered Level 15 of the Dungeon
 39030 | D:15     | Reached XP level 16. HP: 73/73 MP: 25/33
 39054 | D:15     | Reached skill level 14 in Transmutations
 39059 | D:15     | Received a gift from Sif Muna
 39070 | D:15     | Identified Sif Muna's Tome of Shape Shifting (Sif Muna gifted it to you on level 15 of the Dungeon)
 39083 | D:15     | Learned a level 6 spell: Statue Form
 39260 | D:15     | Reached skill level 10 in Fighting
 39461 | D:15     | Found a staircase to the Depths.
 39596 | D:15     | Noticed Voda's ghost (adept OpCK)
 39618 | D:15     | Killed Voda's ghost
 39666 | D:15     | Reached skill level 5 in Evocations
 40506 | Lair:1   | Learned a level 5 spell: Yara's Violent Unravelling
 41068 | Shoals:1 | Entered Level 1 of the Shoals
 41422 | Shoals:1 | Found Jaomoegi's Assorted Antiques.
 41433 | Shoals:1 | Bought a sedimented orange potion for 25 gold pieces
 41455 | Shoals:1 | Bought a scroll of blinking for 210 gold pieces
 42285 | Shoals:2 | Found Byiheqeu's Food Emporium.
 44007 | Shoals:3 | Reached XP level 17. HP: 77/77 MP: 26/34
 44011 | Shoals:3 | Received a gift from Sif Muna
 44011 | Shoals:3 | Reached skill level 10 in Charms
 44017 | Shoals:3 | Identified Bexzoscheopn's Guide on Good Luck (Sif Muna gifted it to you on level 3 of the Shoals)
 44326 | Shoals:3 | Noticed Polyphemus
 44337 | Shoals:3 | Hit by a large rock thrown by Polyphemus
 44338 | Shoals:3 | Reached XP level 16. HP: -20/109 MP: 6/33
 44589 | Shoals:3 | Killed Polyphemus
 45153 | Shoals:4 | Entered Level 4 of the Shoals
 45748 | Shoals:4 | Reached skill level 15 in Unarmed Combat
 46174 | Shoals:4 | Noticed Ilsuiw
 46208 | Shoals:4 | Found Cacwa's Commerce Corner.
 46403 | Shoals:4 | HP: 5/111 [merfolk/tomahawk of dispersal (2)]
 46722 | Shoals:4 | Noticed a kraken
 46722 | Shoals:4 | Killed from afar by a merfolk aquamancer
 46723 | Shoals:4 | Reached XP level 15. HP: -20/105 MP: 10/32
 47259 | Shoals:4 | Got a barnacled rune of Zot
 47629 | Shoals:4 | HP: 4/105 [satyr/sling bullet (10)]
 47777 | Shoals:4 | Killed Ilsuiw
 47940 | Shoals:4 | Shot with a sling bullet by a satyr

Vault maps used:
D:1:      ncdulo_watergridlock
D:2:      nicolae_overflow_crystal_walls, st_stairs_11, uniq_crazy_yiuf_cottage
D:3:      marbit_many_paths, gup_sewer_entry_bubbles, serial_aquarium,
          aquarium_bridge_island_small, aquarium_bridge_long_joined,
          aquarium_window_double, aquarium_window_fake, aquarium_view_2d,
          aquarium_view_2g, uniq_robin, uniq_jessica
D:4:      cheibriados_altar_wand_db, glass_columns_a
D:5:      nicolae_overflow_hidden_temple, first_bread, columned_hall_lemuel,
          uniq_edmund
D:7:      grunt_dithmenos_smoke, tso_altar, nicolae_gozag_seed_capital
D:9:      due_megacathedral, lair_0_dummy, orc_0_dummy
D:10:     hangedman_decor_riveting, grunt_tengu_nest
D:13:     erik_vaults_1, lemuel_hellish_altar, uniq_maurice
D:14:     hangedman_abyss_or_decor_passed, serial_shops, shop,
          roderic_serpentine_path
D:15:     hangedman_depths_entry_civil_slaughter, serial_park_square2
Temple:   circular_temple_13
Lair:1:   grunt_megastairs_1, serial_bayou_shore_a
Lair:2:   serial_bayou_ford_a, hangedman_lair_generics_rect
Lair:3:   boulder_dual_corridor_run
Lair:4:   minmay_lair_oklob_chamber, minmay_shoals_entry_centaurs,
          serial_bayou_shore_b
Lair:5:   minmay_snake_entry_guardpost_medium, st_stairs_5,
          minmay_another_anthill, lemuel_fruit_fields, serial_bayou_shore_b
Lair:7:   kennysheep_abandoned_house, eino_small_chamber_without_monster,
          beast_lair_carwin_6, uniq_josephine
Lair:8:   evilmike_catoblepas_cave, dpeg_slime_entry_enclosed_altar,
          portal_ice_cave_entry_imps, uniq_rupert
Shoals:1: nicolae_shoals_circle_sea_wall, nicolae_shoals_c_island
Shoals:2: serial_shops, shop
Shoals:3: hangedman_shoals_cup_caves, uniq_polyphemus
Shoals:4: shoals_end_simple, shoals_ilsuiw_ice, nicolae_alphabet_shops
Orc:2:    st_orc_ogre_mass
Sewer:    kennysheep_pipe_town
IceCv:    ice_cave_small_dragons

Action                   |  1- 3 |  4- 6 |  7- 9 | 10-12 | 13-15 | 16-18 || total
-------------------------+-------+-------+-------+-------+-------+-------++-------
Melee: Unarmed           |   105 |   233 |   359 |   678 |  1338 |   603 ||  3316
 Cast: Beastly Appendage |     4 |       |       |       |       |       ||     4
       Sticks to Snakes  |     1 |    20 |    40 |    81 |    41 |    34 ||   217
       Spider Form       |       |     8 |    41 |    12 |     1 |       ||    62
       Ice Form          |       |       |       |    25 |     8 |       ||    33
       Blade Hands       |       |       |       |     4 |       |       ||     4
       Dragon Form       |       |       |       |    14 |    75 |    33 ||   122
       Regeneration      |       |       |       |       |    23 |    32 ||    55
       Statue Form       |       |       |       |       |     4 |     8 ||    12
       Apportation       |       |       |       |       |       |     2 ||     2
Invok: Channel Energy    |       |       |       |       |     1 |       ||     1
 Abil: End Transformatio |       |       |       |     2 |     1 |     1 ||     4
       Breathe Fire      |       |       |       |     5 |    18 |     9 ||    32
       Evoke Berserk Rag |       |       |       |       |     1 |     1 ||     2
Evoke: Wand              |       |       |       |     5 |    10 |       ||    15
       Fan of gales      |       |       |       |       |     1 |       ||     1
  Use: Scroll            |       |    13 |    11 |     6 |    17 |    10 ||    57
       Potion            |       |     1 |     8 |     6 |     9 |     5 ||    29
 Stab: Sleeping          |     4 |    15 |    30 |    36 |    47 |     9 ||   141
       Distracted        |       |       |       |     3 |     5 |     2 ||    10
       Invisible         |       |       |       |     5 |     6 |       ||    11
       Petrified         |       |       |       |       |     3 |       ||     3
       Petrifying        |       |       |       |       |     1 |       ||     1
  Eat: Chunk             |     6 |     2 |    30 |    46 |    78 |    35 ||   197
       Meat ration       |       |       |       |       |     2 |     2 ||     4
       Royal jelly       |       |       |       |       |     1 |       ||     1
       Beef jerky        |       |       |       |       |     1 |       ||     1
